 Dungeon Crawl Stone Soup version 0.28-a0-909-g796cbd3a86 (webtiles) character file.

Game seed: 6128753491162785769

812 siradein the Ducker (level 7, 0/55 HPs)
             Began as a Demonspawn Gladiator on Nov 24, 2021.
             Was an Initiate of Hepliaklqana.
             Slain by a small abomination (12 damage)
             ... on level 2 of the Abyss.
             The game lasted 00:09:20 (6488 turns).

siradein the Ducker (Demonspawn Gladiator)          Turns: 6488, Time: 00:09:21

Health: 0/55       AC:  9    Str: 16      XL:     7   Next: 61%
Magic:  7/7        EV: 12    Int: 10      God:    Hepliaklqana [......]
Gold:   201        SH:  0    Dex: 11 (14) Spells: 6/6 levels left

rFire   . . .      SeeInvis .   a - +0 flail
rCold   . . .      Faith    .   (no shield)
rNeg    . . .      Spirit   .   g - +0 ring mail
rPois   .          Reflect  .   c - +0 helmet
rElec   .          Harm     .   (cloak unavailable)
rCorr   .          Rampage  .   j - +2 pair of gloves
Will    +....                   (no boots)
Stlth   +.........              (no amulet)
HPRegen 0.18/turn               m - ring of flight
MPRegen 0.10/turn               r - ring of willpower

@: flying
A: hooves 1, powered by death 1, spiny 1, weakness stinger 3
a: Renounce Religion


You were on level 2 of the Abyss.
You worshipped Hepliaklqana.
Hepliaklqana was noncommittal.
You visited 2 branches of the dungeon, and saw 6 of its levels.
You visited the Abyss 1 time.

You collected 201 gold pieces.

Inventory:

Hand Weapons
 a - a +0 flail (weapon)
 b - a +2 shortbow of freezing
 s - a +2 dagger of venom
Missiles
 d - 2 throwing nets (quivered)
 u - 8 arrows
Armour
 c - a +0 helmet (worn)
 g - a +0 ring mail (worn)
 j - a +2 pair of gloves (worn)
Jewellery
 m - a ring of flight (left hand)
 r - a ring of willpower (right hand)
Wands
 n - a wand of mindburst (7)
Scrolls
 e - a scroll of teleportation {unknown}
 f - a scroll of fear {unknown}
 i - a scroll of blinking {unknown}
 k - a scroll of immolation {unknown}
 o - a scroll of holy word {unknown}
 p - a scroll of enchant armour {unknown}
 q - a scroll of identify {unknown}
 t - a scroll of fog {unknown}
Potions
 h - 5 potions of curing
 l - a potion of haste {unknown}
 v - 2 potions of mutation {unknown}


   Skills:
 + Level 4.5 Fighting
 + Level 4.6 Maces & Flails
 + Level 1.4 Bows
 - Level 4.0 Throwing
 + Level 4.7 Dodging
 + Level 0.5 Invocations


You had 6 spell levels left.
You didn't know any spells.
Your spell library contained the following spells:

 Spells                   Type           Power      Damage    Failure   Level
 Freeze                   Ice            0%         1d3       58%         1
 Magic Dart               Conj           0%         1d3       58%         1
 Sandblast                Erth           0%         2d4       58%         1
 Slow                     Hex            0%         N/A       58%         1
 Passwall                 Tmut/Erth      0%         N/A       73%         2
 Searing Ray              Conj           0%         2d4       73%         2
 Confusing Touch          Hex            0%         N/A       91%         3
 Stone Arrow              Conj/Erth      0%         3d7       91%         3
 Fulminant Prism          Conj/Hex       0%         3d6       100%        4
 Hailstorm                Conj/Ice       0%         3d3       100%        4
 Ice Form                 Ice/Tmut       0%         N/A       100%        4
 Olgreb's Toxic Radiance  Pois           0%         N/A       100%        4
 Yara's Violent Unravell  Hex/Tmut       0%         3d3       100%        5
 Simulacrum               Ice/Necr       0%         N/A       100%        6
 Ozocubu's Refrigeration  Ice            0%         4d5       100%        7
 Ignition                 Fire           0%         3d3       100%        8


Dungeon Overview and Level Annotations

Branches:
Dungeon (5/15)             Temple (1/1) D:5

Altars:
Ashenzari
Cheibriados
Dithmenos
Elyvilon
Fedhas
Gozag
Hepliaklqana
Kikubaaqudgha
Makhleb
Nemelex Xobeh
Okawaru
Qazlal
Ru
Sif Muna
Trog
Uskayaw
Vehumet
Xom
Yredelemnul
Zin
The Shining One

Annotations:
D:3 1 runed translucent door, oldmanjim's ghost, amateur GnSu


Innate Abilities, Weirdness & Mutations

You have large cloven feet.
You regenerate a little health from kills.
You are partially covered in sharp spines.
You have a sharp stinger which inflicts weakening toxins.


Message History

The iron imp is struck by your spines. The iron imp barely misses you.
You closely miss the quasit.
The quasit is heavily wounded.
The thrashing horror completely misses you.
The thrashing horror barely misses you. The quasit barely misses you.
The quasit completely misses you. The quasit barely misses you.
The small abomination is struck by your spines.
The small abomination hits you!
The quasit bites you but does no damage.
The quasit claws you. The quasit misses you. The iron imp closely misses you.
The small abomination hits you but does no damage.
You miss the quasit.
Your tail-slap misses the quasit.
The quasit is heavily wounded.
The quasit bites you but does no damage.
The quasit misses you.
The quasit claws you but does no damage.
The golden eye blinks!
The thrashing horror tramples you!
You are shoved backwards!
The small abomination is struck by your spines.
The small abomination barely misses you.
You bump into the rock wall.
You feel less confused.
The thrashing horror is struck by your spines.
The thrashing horror closely misses you.
The thrashing horror tramples you but does no damage.
The golden eye blinks at you.
You easily resist.
The small abomination is struck by your spines.
The small abomination hits you but does no damage.
The small abomination hits you!
* * * LOW HITPOINT WARNING * * *
The golden eye blinks at you.
You easily resist.
The golden eye blinks!
The golden eye turns its gaze towards you.
The golden eye blinks!
There is a gateway leading out of the Abyss here.
The golden eye turns its gaze towards you.
The small abomination hits you!
You die...

#...# . . ...
#....#....#. #
##.##.##.#. #. ## #
##. #.(. #.. ###..
#.#.####### #..# #.#.
# #?....#
#..##.###.##.## .#
##...#..###.$.##.
#....@x5.#.......4..#
#.#..#X.#.G.#ยง ##
..# #.#.##5...#####
#. .. ##4....# # .##
#....[..... .# >
####.#...# #. ##.
#.##. # . .# . #. ##


You could see an orange demon, a thrashing horror, a small abomination, an iron
imp, a quasit and a golden eye.

Vanquished Creatures
  Duvessa (D:4)
  An ice beast (D:5)
  An ogre (D:3)
  A scorpion (D:4)
  Dowan (D:4)
  3 orc priests
  2 centaur skeletons
  A bullfrog skeleton (D:5)
  An iguana (D:5)
  2 orc wizards (D:5)
  4 gnolls (D:3)
  2 adders
  A shadow imp (D:5)
  An ufetubus (D:5)
  An adder skeleton (D:4)
  3 worms
  5 orcs
  5 ball pythons
  6 endoplasms
  3 giant cockroaches
  24 goblins
  4 hobgoblins
  5 jackals (D:2)
  5 quokkas
  7 bats
  A frilled lizard (D:3)
  8 kobolds
  12 rats
111 creatures vanquished.

Notes
Turn   | Place    | Note
-------+----------+-------------------------------------------
     0 | D:1      | siradein the Demonspawn Gladiator began the quest for the
                  | Orb.
     0 | D:1      | Reached XP level 1. HP: 16/16 MP: 1/1
   297 | D:1      | Found a faded altar of an unknown god.
   301 | D:1      | Got Plato's Handbook of Snow
   332 | D:1      | Discovered your monstrous ancestry.
   332 | D:1      | Gained mutation: You have large cloven feet. [demonic
                  | ancestry]
   332 | D:1      | Reached XP level 2. HP: 21/22 MP: 2/2
  1165 | D:2      | Gained mutation: You have a small tail. [demonic ancestry]
  1165 | D:2      | Reached XP level 3. HP: 28/28 MP: 3/3
  2095 | D:3      | Gained mutation: You regenerate a little health from kills.
                  | [demonic ancestry]
  2095 | D:3      | Reached XP level 4. HP: 25/34 MP: 4/4
  2535 | D:3      | Gained mutation: You are partially covered in sharp spines.
                  | [demonic ancestry]
  2535 | D:3      | Reached XP level 5. HP: 41/41 MP: 5/5
  2580 | D:3      | Noticed an ogre
  2720 | D:3      | Killed an ogre
  3025 | D:3      | Found a faded altar of an unknown god.
  3190 | D:3      | Found a runed translucent door.
  3190 | D:3      | Noticed oldmanjim's ghost (amateur GnSu)
  3506 | D:3      | Found a shadowy altar of Dithmenos.
  3935 | D:4      | Gained mutation: You have a tail ending in a sharp stinger.
                  | [demonic ancestry]
  3935 | D:4      | Reached XP level 6. HP: 47/47 MP: 6/6
  3964 | D:4      | Noticed Duvessa
  3966 | D:4      | Noticed Dowan
  3992 | D:4      | Killed Duvessa
  4001 | D:4      | Killed Dowan
  4844 | D:4      | Gained mutation: You have a sharp stinger which inflicts
                  | weakening toxins. [demonic ancestry]
  4844 | D:4      | Reached XP level 7. HP: 54/54 MP: 7/7
  4953 | D:4      | Identified the +1 robe "Ygomog" {-Tele Will++ Int+3}
  5009 | D:5      | Entered Level 5 of the Dungeon
  5590 | D:5      | Reached skill level 1 in Bows
  5860 | D:5      | Found a staircase to the Ecumenical Temple.
  5877 | Temple   | Entered the Ecumenical Temple
  6100 | Temple   | Became a worshipper of Hepliaklqana the Forgotten
  6435 | D:5      | Cast into level 1 of the Abyss (gnoll sergeant)
  6439 | Abyss:1  | Noticed a spatial maelstrom
  6474 | Abyss:2  | Noticed a golden eye
  6476 | Abyss:2  | Noticed an orange demon
  6478 | Abyss:2  | Noticed a small abomination
  6480 | Abyss:2  | Noticed a thrashing horror
  6488 | Abyss:2  | Slain by a small abomination

Illustrated notes

Levels and vault maps discovered:
D:1:      dpeg_arrival_ratfight, layout_rooms,
          shapermc_ecumenical_altar_rom_forum
D:2:      layout_basic
D:3:      layout_basic, nicolae_overflow_ecumenical_swirl,
          hellmonk_ghost_happy_afterlife, minmay_ogre_servants
D:4:      kennysheep_the_goblin_king, layout_cave_pods,
          kennysheep_generic_room_3, uniq_duvessa
D:5:      layout_loops_ring, minmay_temple_entry_hall, grunt_ministairs_9
Temple:   regret_index_temple_chain_breaker
Abyss:2:  base: D:5, bh_abyss_exit_spiral, bh_abyss_exit_spiral

Skill      XL: |  1  2  3  4  5  6  7 |
---------------+----------------------+-----
Throwing       | 2 3 4 |  4.0
Maces & Flails | 3 4 |  4.6
Dodging        | 3 4 |  4.7
Fighting       | 3 4 |  4.5
Bows           | 1 |  1.4
Invocations    | |  0.5

Action                   |  1- 3 |  4- 6 |  7- 9 || total
-------------------------+-------+-------+-------++-------
Melee: Flail             |    55 |    11 |    63 ||   129
       Dagger            |    66 |   106 |       ||   172
       Kick              |    29 |    35 |    21 ||    85
       Tailslap          |     4 |    25 |    10 ||    39
Throw: Throwing net      |       |       |     1 ||     1
  Use: Potion            |       |       |     2 ||     2
Armor: Leather armour    |     9 |       |       ||     9
       Ring mail         |    37 |    33 |    41 ||   111
Dodge: Dodged            |    97 |    64 |    59 ||   220

Table legend: (Time is in decaauts)
 A = Elapsed time spent in this place.
 B = Non-inter-level travel time spent in this place.
 C = Inter-level travel time spent in this place.
 D = Time resting spent in this place.
 E = Time spent auto-exploring this place.
 F = Levels seen in this place.
 G = Mean time per level.
                   A        B        C        D        E       F      G
               +--------+--------+--------+--------+--------+-----+--------+
         Total |   6514 |   6086 |    428 |    226 |   4776 |   8 |  814.2 |
       Dungeon |   6213 |   5785 |    428 |    226 |   4640 |   5 | 1242.6 |
        Temple |    248 |    248 |      0 |      0 |    136 |   1 |  248.0 |
         Abyss |     53 |     53 |      0 |      0 |      0 |   2 |   26.5 |
               +--------+--------+--------+--------+--------+-----+--------+

Top non-repeatable levels by time:
     D:3: 1642 daAuts
     D:4: 1352 daAuts
     D:2: 1219 daAuts
     D:1: 1049 daAuts
     D:5: 949 daAuts
  Temple: 248 daAuts
 Abyss:2: 47 daAuts
 Abyss:1: 5 daAuts
